[Event "Titled Tuesday Blitz October 31 Early 2023"]
[White "Martinez Alcantara, Jose Eduardo"]
[Black "Danielyan, Vahe"]
[WhiteFideId "3805662"]
[BlackFideId "13304828"]
[WhiteElo "3122"]
[BlackElo "2758"]
[Result "1-0"]
[Round "8"]
[TimeControl "180+1"]
[Date "2023.10.31"]
[WhiteClock "0:00:05"]
[BlackClock "0:00:00"]
[Board "14"]

1. e4 c5 2. Nf3 e6 3. c3 Nf6 4. Bd3 Nc6 5. Bc2 e5 6. d3 Be7 7. Bg5 O-O 8. Bxf6 Bxf6 9. Nbd2 d6 10. Bb3 Be6 11. Bxe6 fxe6 12. O-O Qd7 13. a3 Rf7 14. b4 b6 15. Rb1 Raf8 16. a4 cxb4 17. cxb4 Nd4 18. Nxd4 exd4 19. f4 Be7 20. g3 e5 21. Qb3 Kh8 22. fxe5 Rxf1+ 23. Rxf1 dxe5 24. Rxf8+ Bxf8 25. Nf3 Qe7 26. b5 h6 27. Kg2 g5 28. Nd2 g4 29. Qd1 h5 30. Nc4 Bg7 31. h3 Qe6 32. hxg4 hxg4 33. Qh1+ Kg8 34. Qh5 Kf8 35. Qg5 Kg8 36. Qh5 Kf8 37. Qh1 Kg8 38. Qf1 Kh7 39. Qe2 Bf6 40. a5 bxa5 41. Nxa5 a6 42. bxa6 Qxa6 43. Nc4 Qe6 44. Nd2 Bg5 45. Nf1 Kg6 46. Nh2 Kh5 47. Nf1 Qa6 48. Kg1 Qc8 49. Nh2 Be3+ 50. Kg2 Kg5 51. Nf1 Qc1 52. Qa2 Kf6 53. Qa6+ Kg5 54. Qa2 Kf6 55. Qe2 Kg5 56. Kh2 Qc8 57. Kh1 Qh8+ 58. Qh2 Qh3 59. Qxh3 gxh3 60. Nh2 Bf2 61. Nf3+ Kg4 62. Nxe5+ Kxg3 63. Ng6 Be3 64. e5 Bg5 65. e6 Kf3 66. Ne5+ Ke3 67. Kh2 1-0


[Site "https://www.chess.com"]

[Event "Titled Tuesday Blitz October 31 Early 2023"]
[White "Naroditsky, Daniel"]
[Black "Sokolovsky, Yahli"]
[WhiteFideId "2026961"]
[BlackFideId "2820242"]
[WhiteElo "3158"]
[BlackElo "2780"]
[Result "0-1"]
[Round "8"]
[TimeControl "180+1"]
[Date "2023.10.31"]
[WhiteClock "0:01:46"]
[BlackClock "0:00:22"]
[Board "15"]

1. d4 d6 2. Nf3 g6 3. e4 Bg7 4. Bc4 e6 5. c3 Nf6 6. Qe2 O-O 7. O-O d5 8. exd5 exd5 9. Bd3 Re8 10. Qc2 Nc6 11. Bg5 Ne7 12. Nbd2 Bf5 13. Rae1 h6 14. Bh4 Bxd3 15. Qxd3 Nf5 16. Rxe8+ Qxe8 17. Re1 Qa4 18. Bxf6 Bxf6 19. a3 Re8 20. Rxe8+ Qxe8 21. h3 c6 22. Kf1 Kg7 23. Qe2 Qxe2+ 24. Kxe2 Kf8 25. Kd3 Ke7 26. g3 h5 27. h4 Nh6 28. Nh2 Ke6 29. Ke2 Kf5 30. Kf3 Bd8 31. Nb3 Bb6 32. Nc1 Bc7 33. Nd3 Bd6 34. Nf1 Ng4 35. Ne1 b6 36. Ng2 Nf6 37. Nge3+ Ke6 38. Nd2 Bf8 39. Nb3 Bh6 40. Nc2 Ne4 41. Nb4 c5 42. dxc5 bxc5 43. Na6 Kd6 44. Na5 Bc1 45. b4 c4 46. Nb7+ Kc6 47. Nd8+ Kb6 48. Nc5 Nxc5 49. bxc5+ Kxc5 50. Ke2 f6 51. a4 Kd6 52. Nb7+ Kc6 53. Nd8+ Kd7 54. Nf7 Ke6 55. Nd8+ Kd7 56. Nb7 Ba3 57. Ke3 Kc7 58. Na5 Bc5+ 59. Ke2 Kb6 0-1


[Site "https://www.chess.com"]

[Event "Titled Tuesday Blitz October 31 Early 2023"]
[White "Srihari L R"]
[Black "Paravyan, David"]
[WhiteFideId "46617116"]
[BlackFideId "4194985"]
[WhiteElo "2751"]
[BlackElo "3068"]
[Result "0-1"]
[Round "8"]
[TimeControl "180+1"]
[Date "2023.10.31"]
[WhiteClock "0:00:17"]
[BlackClock "0:02:04"]
[Board "16"]

1. d4 d5 2. c4 dxc4 3. e3 Nf6 4. Nf3 e6 5. Bxc4 c5 6. O-O Nc6 7. Nc3 a6 8. d5 Nxd5 9. Nxd5 b5 10. Bb3 c4 11. Nc3 cxb3 12. Qxd8+ Kxd8 13. Rd1+ Ke8 14. axb3 Bb7 15. e4 Bc5 16. Bf4 Ke7 17. Rac1 Rhd8 18. Nd5+ exd5 19. Rxc5 dxe4 20. Re1 Kf8 21. Rxe4 Rd1+ 22. Re1 Rad8 23. Rc1 Rxc1 24. Rxc1 Nb4 25. Be3 Nd3 26. Rc7 Bxf3 27. gxf3 Nxb2 28. Ra7 f6 29. Rxa6 Rd3 30. b4 Nc4 31. Ra8+ Kf7 32. Rb8 Nxe3 33. fxe3 Rxe3 34. Kf2 Re5 35. Rb7+ Kg6 36. Kg3 Rd5 37. h4 h5 38. Rb6 Kf5 39. Rb7 g5 40. hxg5 fxg5 41. Rf7+ Kg6 42. Rb7 h4+ 43. Kh3 Rd3 44. Kg2 Rd2+ 45. Kh3 Rf2 46. Rxb5 Rxf3+ 47. Kg2 g4 48. Rb8 h3+ 49. Kh2 Rf2+ 50. Kg1 Rg2+ 51. Kh1 Kg5 52. b5 Rb2 53. b6 Kh4 54. Kg1 Kg3 55. Rf8 Rb1+ 0-1


[Site "https://www.chess.com"]

[Event "Titled Tuesday Blitz October 31 Early 2023"]
[White "Bluebaum, Matthias"]
[Black "NovozhilovSemen"]
[WhiteFideId "24651516"]
[WhiteElo "3058"]
[BlackElo "2743"]
[Result "1-0"]
[Round "8"]
[TimeControl "180+1"]
[Date "2023.10.31"]
[WhiteClock "0:00:25"]
[BlackClock "0:00:04"]
[Board "17"]

1. d4 Nf6 2. c4 e6 3. Nc3 Bb4 4. e3 O-O 5. Bd2 d5 6. Nf3 b6 7. cxd5 exd5 8. Rc1 a6 9. Bd3 Bb7 10. O-O Bd6 11. Ne5 c5 12. f4 Nc6 13. Ng4 Be7 14. Nxf6+ Bxf6 15. dxc5 bxc5 16. b3 Nb4 17. Bb1 d4 18. Na4 Nd5 19. Nxc5 dxe3 20. Nxb7 Qb6 21. Ba5 Qxb7 22. Be4 Qa7 23. Qe2 Rab8 24. Bxd5 Rb5 25. Rc7 Qd4 26. Rd1 Qxf4 27. Rc4 Qf2+ 28. Qxf2 exf2+ 29. Kxf2 Rxa5 30. a4 Rd8 31. Bf3 Rxd1 32. Bxd1 Rd5 33. Bf3 Rd8 34. Ke2 Be7 35. Rc6 a5 36. Ke3 g6 37. Be2 Bb4 38. Bc4 Rd7 39. g4 Kg7 40. h4 h6 41. Kf3 Be7 42. h5 gxh5 43. gxh5 Bb4 44. Ke4 Re7+ 45. Kf5 Re3 46. Rc7 Rf3+ 47. Ke4 Rf2 48. Ke3 Rf5 49. Ke4 Rf2 50. Rb7 Rf6 51. Ke5 Rf2 52. Kd4 Rf6 53. Rxb4 axb4 54. a5 Rf2 55. a6 Ra2 56. Kc5 f5 57. Kxb4 f4 58. Kb5 Kf6 59. Kb6 Kg5 60. b4 Kxh5 61. Bxa2 1-0


[Site "https://www.chess.com"]

[Event "Titled Tuesday Blitz October 31 Early 2023"]
[White "Kislinsky, Alexey"]
[Black "Makarian, Rudik"]
[WhiteFideId "14108801"]
[BlackFideId "44105681"]
[WhiteElo "2739"]
[BlackElo "3031"]
[Result "0-1"]
[Round "8"]
[TimeControl "180+1"]
[Date "2023.10.31"]
[WhiteClock "0:00:15"]
[BlackClock "0:01:23"]
[Board "18"]

1. e4 c5 2. c3 d5 3. exd5 Nf6 4. Bb5+ Nbd7 5. Nf3 Nxd5 6. O-O a6 7. Be2 e6 8. d4 b5 9. Nbd2 Bb7 10. Ne4 Be7 11. dxc5 Nxc5 12. Nxc5 Bxc5 13. Nd4 O-O 14. Bf3 Qb6 15. Nb3 Be7 16. Qe2 Rad8 17. Rd1 h6 18. Bd2 Bf6 19. Rac1 Rc8 20. g3 a5 21. Na1 Rfe8 22. Nc2 b4 23. cxb4 Bxb2 24. bxa5 Qa7 25. Bxd5 Bxd5 26. Bb4 Bxc1 27. Rxc1 Ba8 28. a3 Qb7 29. f3 Qxf3 30. Qxf3 Bxf3 31. Rf1 Rxc2 32. Rxf3 Rd8 33. Rf1 e5 34. Re1 f6 35. Rb1 Kf7 36. a6 Ra8 0-1


[Site "https://www.chess.com"]

[Event "Titled Tuesday Blitz October 31 Early 2023"]
[White "Sjugirov, Sanan"]
[Black "Krzyzanowski, Marcin"]
[WhiteFideId "4189302"]
[BlackFideId "1132199"]
[WhiteElo "2949"]
[BlackElo "2739"]
[Result "0-1"]
[Round "8"]
[TimeControl "180+1"]
[Date "2023.10.31"]
[WhiteClock "0:00:00"]
[BlackClock "0:00:08"]
[Board "19"]

1. d4 Nf6 2. c4 e6 3. Nf3 Bb4+ 4. Bd2 c5 5. Bxb4 cxb4 6. g3 O-O 7. Bg2 a5 8. O-O b6 9. Qd3 Bb7 10. Nbd2 d6 11. Rfc1 Nbd7 12. Ne1 Bxg2 13. Nxg2 e5 14. Ne3 g6 15. a3 bxa3 16. Rxa3 Re8 17. Rd1 Rc8 18. dxe5 Nxe5 19. Qd4 Nc6 20. Qf4 Qe7 21. Nf3 Ne5 22. Rb3 Rc6 23. Nd4 Rc5 24. Rxb6 Nh5 25. Qe4 Nf6 26. Qh4 Nxc4 27. Nxc4 Rxc4 28. e3 h5 29. Qg5 Ne4 30. Qxe7 Rxe7 31. h4 Rec7 32. Kg2 Rb4 33. Rxb4 axb4 34. Ra1 Nc5 35. Ra8+ Kg7 36. Rb8 Nd3 37. b3 Rc1 38. Rb7 Ne1+ 39. Kh2 Nd3 40. Kg2 Rb1 0-1


[Site "https://www.chess.com"]

[Event "Titled Tuesday Blitz October 31 Early 2023"]
[White "Xu, Xiangyu"]
[Black "Hua, Lefong"]
[WhiteFideId "8608288"]
[BlackFideId "2602253"]
[WhiteElo "2916"]
[BlackElo "2730"]
[Result "1-0"]
[Round "8"]
[TimeControl "180+1"]
[Date "2023.10.31"]
[WhiteClock "0:00:31"]
[BlackClock "0:00:01"]
[Board "20"]

1. d4 Nf6 2. c4 c5 3. d5 e6 4. Nc3 exd5 5. cxd5 d6 6. e4 g6 7. Nf3 Bg7 8. Nd2 Nbd7 9. Be2 O-O 10. O-O Re8 11. f3 Ne5 12. a4 a6 13. h3 g5 14. Nc4 Nh5 15. f4 Nxf4 16. Bxf4 gxf4 17. Nxe5 Bxe5 18. Bg4 Qg5 19. Bxc8 Raxc8 20. Qf3 Kh8 21. Kh1 Rg8 22. Ne2 Rg6 23. Rf2 Rcg8 24. Ra3 f5 25. Rb3 fxe4 26. Qxe4 R6g7 27. Rbf3 Bxb2 28. Nxf4 Qe5 29. Qc2 Bd4 30. Re2 Qg5 31. Ne6 Qxd5 32. Nxg7 Bxg7 33. Re7 b5 34. axb5 axb5 35. Rg3 Qd4 36. Qf5 Rf8 37. Rf7 Rxf7 38. Qxf7 Qf6 39. Qe8+ Qf8 40. Qxb5 Be5 41. Rf3 Qa8 42. Qf1 Kg7 43. Rf7+ Kg8 44. Rd7 Qa1 45. Qxa1 Bxa1 46. Rxd6 Bd4 47. g4 Kg7 48. Kg2 Bf6 49. Rc6 Bd4 50. Kf3 Kf7 51. Ke4 Kg7 52. Kf5 Kf7 53. h4 Kg7 54. h5 Be3 55. Rc7+ Kg8 56. g5 Bd4 57. h6 Be3 58. Rg7+ Kh8 59. Re7 1-0


[Site "https://www.chess.com"]

[Event "Titled Tuesday Blitz October 31 Early 2023"]
[White "Pranav Anand"]
[Black "djokovic74"]
[WhiteFideId "46626786"]
[WhiteElo "2909"]
[BlackElo "2726"]
[Result "1-0"]
[Round "8"]
[TimeControl "180+1"]
[Date "2023.10.31"]
[WhiteClock "0:00:45"]
[BlackClock "0:00:01"]
[Board "21"]

1. Nf3 Nf6 2. c4 e6 3. e3 d5 4. b3 Be7 5. Bb2 O-O 6. Nc3 b6 7. cxd5 exd5 8. Ne2 Bb7 9. Ng3 Re8 10. Be2 c5 11. O-O Nc6 12. Nf5 Bf8 13. d4 Ne4 14. dxc5 bxc5 15. Nd2 Nxd2 16. Qxd2 Qg5 17. Ng3 Rad8 18. Rad1 d4 19. e4 Qxd2 20. Rxd2 Nb4 21. a3 d3 22. Bf3 Nc2 23. Rfd1 Ba6 24. Nf5 Rb8 25. b4 cxb4 26. a4 b3 27. Rb1 f6 28. e5 fxe5 29. Bd5+ Kh8 30. Rdd1 g6 31. Ng3 Bg7 32. Ne4 Red8 33. Be6 h6 34. h4 Rb6 35. Bh3 Bb7 36. Nc5 e4 37. Bxg7+ Kxg7 38. Ne6+ Rxe6 39. Bxe6 e3 40. fxe3 Nxe3 41. Rd2 Bd5 42. Bxd5 Rxd5 43. Rxb3 Rf5 44. Rb1 Rd5 45. Rb7+ Kf6 46. Rb3 Rf5 47. Rbxd3 Rf1+ 48. Kh2 Nf5 49. h5 gxh5 50. Rf3 Rxf3 51. gxf3 Ke5 52. Rd7 Nd4 53. Rxa7 Nxf3+ 54. Kg3 Nd4 55. Rc7 Nf5+ 56. Kh3 Kd6 57. Rc1 Kd5 58. a5 Nd4 59. a6 Nc6 60. Kh4 Kd6 61. Kxh5 Na7 62. Kxh6 Kd7 63. Kg6 Kd6 64. Kf6 Nc6 65. Kf7 Na7 66. Ke8 Nc6 67. Rc2 Na7 68. Kd8 Nb5 69. Kc8 Nd4 70. Rd2 1-0


[Site "https://www.chess.com"]

[Event "Titled Tuesday Blitz October 31 Early 2023"]
[White "Henriquez Villagra, Cristobal"]
[Black "Gubajdullin, Alexei"]
[WhiteFideId "3409350"]
[BlackFideId "4141202"]
[WhiteElo "2893"]
[BlackElo "2724"]
[Result "1-0"]
[Round "8"]
[TimeControl "180+1"]
[Date "2023.10.31"]
[WhiteClock "0:01:31"]
[BlackClock "0:00:00"]
[Board "22"]

1. e4 g6 2. Bc4 Bg7 3. Qf3 e6 4. d3 Ne7 5. Bb3 Nbc6 6. c3 d5 7. Qe2 dxe4 8. dxe4 a5 9. a4 Ne5 10. Bc2 b6 11. Na3 Ba6 12. c4 N7c6 13. Be3 Nd4 14. Qd1 Nxc4 15. Nxc4 Bxc4 16. Ra3 O-O 17. Bb1 Nc6 18. Qc1 b5 19. axb5 Bxb5 20. h4 Nb4 21. h5 Bd3 22. hxg6 fxg6 23. Ne2 Rb8 24. Bh6 Bxb2 25. Qxb2 Nc2+ 26. Qxc2 Bxc2 27. Bxc2 Rb2 28. Rc3 Re8 29. O-O Qf6 30. Rxc7 g5 31. Bg7 Qxg7 32. Rxg7+ Kxg7 33. Nd4 a4 34. Bxa4 Ra8 35. Nxe6+ Kf6 36. Bc6 Raa2 37. Bd5 Ra3 38. f4 gxf4 39. Rxf4+ Ke5 40. Rf5+ Kd6 41. Nf4 Ra1+ 42. Kh2 Rf1 43. Rf6+ Ke7 44. Rf7+ Ke8 45. Kg3 Rbf2 46. Rf5 h5 47. Nxh5 Rxf5 48. Ng7+ Ke7 49. Nxf5+ Kf6 50. Ne3 Re1 51. Ng4+ Kg5 52. Nh2 Rd1 53. Nf3+ Kf6 54. Kf4 Ra1 55. g4 Ra5 56. g5+ Kg7 57. Be6 Ra6 58. Bf5 Ra4 59. g6 Ra6 60. Kg5 Ra3 61. Ne5 Rg3+ 62. Kf4 Rg1 63. Nd7 Rf1+ 64. Ke5 Rd1 65. Nc5 Rc1 66. Ne6+ Kg8 67. Kf6 Ra1 68. Ng5 1-0


[Site "https://www.chess.com"]

[Event "Titled Tuesday Blitz October 31 Early 2023"]
[White "Mndapoetzz04"]
[Black "Svane, Frederik"]
[BlackFideId "12923044"]
[WhiteElo "2723"]
[BlackElo "2874"]
[Result "0-1"]
[Round "8"]
[TimeControl "180+1"]
[Date "2023.10.31"]
[WhiteClock "0:00:31"]
[BlackClock "0:01:31"]
[Board "23"]

1. d4 g6 2. Bf4 d6 3. e3 Nd7 4. Nf3 Bg7 5. h3 e5 6. Bh2 Qe7 7. Be2 f5 8. O-O Ngf6 9. c4 O-O 10. Nc3 Kh8 11. Rc1 c6 12. b4 e4 13. Nd2 g5 14. c5 d5 15. Bd6 Qe8 16. Bxf8 Nxf8 17. b5 f4 18. bxc6 bxc6 19. Re1 Ng6 20. Bh5 f3 21. Bxg6 Qxg6 22. Nxf3 exf3 23. Qxf3 Bf5 24. Ne2 Rf8 25. Ng3 Bc8 26. Rb1 h5 27. Rb8 Kh7 28. Qd1 h4 29. Nf1 g4 30. hxg4 Bxg4 31. Qb1 Bf5 32. Qb7 Be4 33. g3 Qg4 34. Nh2 Qh3 0-1


[Site "https://www.chess.com"]

[Event "Titled Tuesday Blitz October 31 Early 2023"]
[White "Djokic, Mihailo"]
[Black "Kazakouski, Valery"]
[WhiteFideId "976440"]
[BlackFideId "13507443"]
[WhiteElo "2713"]
[BlackElo "2873"]
[Result "0-1"]
[Round "8"]
[TimeControl "180+1"]
[Date "2023.10.31"]
[WhiteClock "0:00:03"]
[BlackClock "0:00:06"]
[Board "24"]

1. e4 c5 2. Nf3 a6 3. Nc3 e6 4. Be2 b5 5. d4 cxd4 6. Nxd4 Bb7 7. Bf3 Qc7 8. O-O Bd6 9. g3 Be5 10. Bg2 Nc6 11. Be3 d6 12. f4 Bxd4 13. Bxd4 Nxd4 14. Qxd4 e5 15. Qf2 Nf6 16. a3 O-O 17. h3 Rac8 18. Rad1 Rfd8 19. Rd2 Kf8 20. Rfd1 Ke7 21. Kh2 h6 22. Qe3 Qc5 23. Qxc5 Rxc5 24. Kg1 a5 25. fxe5 Rxe5 26. Rd4 Bc6 27. Kf2 h5 28. Bf3 g6 29. b4 axb4 30. axb4 Rc8 31. Rxd6 Bd7 32. Nd5+ Nxd5 33. R6xd5 Rxd5 34. Rxd5 Rxc2+ 35. Ke3 Rb2 36. Rd4 Bxh3 37. e5 Be6 38. Be2 Rb3+ 39. Kf2 Bc4 40. Bd1 Rxb4 41. g4 hxg4 42. Bxg4 Rb2+ 43. Ke3 Be6 44. Be2 b4 45. Rd6 b3 46. Rb6 Rc2 47. Bd3 Rc5 48. Kd4 Rd5+ 49. Ke4 Ra5 50. Rb7+ Kf8 51. Rb8+ Kg7 52. Kd4 Ra4+ 53. Kc3 g5 54. Bb5 Re4 55. Bd3 Rxe5 56. Kd4 Rd5+ 57. Ke3 Ra5 58. Rb6 g4 59. Kf4 Ra4+ 60. Kg3 Rd4 61. Be2 Kf6 62. Rb5 Rd2 63. Bf1 b2 64. Rb6 Ke5 65. Rb5+ Kd4 0-1


[Site "https://www.chess.com"]

[Event "Titled Tuesday Blitz October 31 Early 2023"]
[White "Ashraf, Artin"]
[Black "Rosen, Eric"]
[WhiteFideId "22514805"]
[BlackFideId "2032562"]
[WhiteElo "2840"]
[BlackElo "2690"]
[Result "1-0"]
[Round "8"]
[TimeControl "180+1"]
[Date "2023.10.31"]
[WhiteClock "0:02:02"]
[BlackClock "0:00:00"]
[Board "25"]

1. a3 d5 2. d4 Bf5 3. Nf3 e6 4. c4 Nf6 5. Qb3 Nbd7 6. Qxb7 dxc4 7. Nc3 c5 8. e3 Rb8 9. Qc6 Bd3 10. Bxd3 cxd3 11. dxc5 Rc8 12. Qb5 Bxc5 13. Qxd3 O-O 14. O-O Qc7 15. b4 Be7 16. Bb2 Rfd8 17. Qe2 Nb6 18. Rac1 Qb8 19. Nb5 a6 20. Nbd4 Qb7 21. Ne5 Bd6 22. Nec6 Re8 23. Na5 Qa8 24. Nab3 Be5 25. Nc5 a5 26. b5 Qd5 27. Nc6 Bd6 28. Rfd1 Bxh2+ 29. Kxh2 Qg5 30. Bxf6 Qxf6 31. a4 Nd5 32. Qf3 Qg6 33. Qg3 Qh5+ 34. Kg1 Nf6 35. Nd7 Nxd7 36. Rxd7 Rf8 37. Ne7+ Kh8 38. Nxc8 Qh6 39. Nd6 1-0


[Site "https://www.chess.com"]

[Event "Titled Tuesday Blitz October 31 Early 2023"]
[White "Molina, Roberto Junio Brito"]
[Black "kushbhagat2009"]
[WhiteFideId "2109450"]
[WhiteElo "2832"]
[BlackElo "2642"]
[Result "1-0"]
[Round "8"]
[TimeControl "180+1"]
[Date "2023.10.31"]
[WhiteClock "0:00:56"]
[BlackClock "0:00:14"]
[Board "26"]

1. d4 Nf6 2. c4 g6 3. Nc3 Bg7 4. e4 d6 5. Nf3 O-O 6. Be2 e5 7. O-O Nc6 8. d5 Ne7 9. b4 a5 10. Ba3 axb4 11. Bxb4 b6 12. a4 Re8 13. Re1 Nd7 14. Bf1 Nc5 15. a5 f5 16. axb6 Rxa1 17. bxc7 Qxc7 18. Qxa1 fxe4 19. Nd2 Nf5 20. Ndxe4 Nxe4 21. Nxe4 Bd7 22. Qa3 Bf8 23. Nf6+ Kf7 24. Nxe8 Bxe8 25. Rxe5 dxe5 26. Bxf8 e4 27. Bc5 Qe5 28. g3 Nd4 29. Qa7+ 1-0


[Site "https://www.chess.com"]

[Event "Titled Tuesday Blitz October 31 Early 2023"]
[White "NelsonLinda"]
[Black "Pakleza, Zbigniew"]
[BlackFideId "1119290"]
[WhiteElo "2628"]
[BlackElo "2818"]
[Result "0-1"]
[Round "8"]
[TimeControl "180+1"]
[Date "2023.10.31"]
[WhiteClock "0:00:34"]
[BlackClock "0:00:07"]
[Board "27"]

1. b3 d5 2. Bb2 Nf6 3. Nf3 Bf5 4. d3 h6 5. Nbd2 e6 6. g3 Be7 7. Bg2 O-O 8. O-O Bh7 9. Re1 c6 10. e4 a5 11. a3 Nbd7 12. Qe2 Qb6 13. h4 Rfd8 14. Rab1 Rac8 15. Nh2 Bc5 16. e5 Ne8 17. Ndf3 Bf8 18. h5 c5 19. Nd2 Qa6 20. Qg4 b5 21. Ndf3 c4 22. Bf1 cxb3 23. cxb3 Nc5 24. Bc1 Nxd3 25. Bxd3 Bxd3 26. Nd4 Bxb1 27. Bxh6 Be4 28. Be3 b4 29. a4 Qd3 30. Qg5 Bf5 31. Nhf3 Rd7 32. Nh4 Be7 33. Qf4 Qe4 34. Nhxf5 exf5 35. e6 fxe6 36. Nxe6 Qxe6 37. Bd2 Qf7 38. h6 Bf6 39. Qxf5 Nd6 40. h7+ Kh8 41. Qg4 Re8 42. Rc1 Ne4 43. Be3 d4 44. Bf4 d3 45. f3 Nc3 46. Bd2 Ne2+ 47. Kg2 Nxc1 48. Bxc1 d2 49. Bxd2 Rxd2+ 0-1


[Site "https://www.chess.com"]

[Event "Titled Tuesday Blitz October 31 Early 2023"]
[White "Chinguun, Sumiya"]
[Black "Hayrapetyan, Hovik"]
[WhiteFideId "4902572"]
[BlackFideId "13302639"]
[WhiteElo "2654"]
[BlackElo "2789"]
[Result "1-0"]
[Round "8"]
[TimeControl "180+1"]
[Date "2023.10.31"]
[WhiteClock "0:00:51"]
[BlackClock "0:00:07"]
[Board "28"]

1. e4 c5 2. Nc3 d6 3. f4 g6 4. Nf3 Bg7 5. Bc4 Nc6 6. O-O e6 7. d3 Nge7 8. Qe1 O-O 9. e5 dxe5 10. fxe5 Nxe5 11. Nxe5 Qd4+ 12. Be3 Qxe5 13. Ne4 b6 14. Bg5 Nf5 15. c3 Bb7 16. Bf4 Qxf4 17. Rxf4 Rad8 18. g4 Nd6 19. Nf6+ Bxf6 20. Rxf6 Nxc4 21. dxc4 Kg7 22. Rf2 Rde8 23. Rd1 Re7 24. Qe5+ f6 25. Qd6 Rff7 26. g5 fxg5 27. Qe5+ Kh6 28. Rd3 g4 29. Rg3 Bf3 30. h3 Rd7 31. hxg4 Rd1+ 32. Rf1 Rxf1+ 33. Kxf1 Bxg4+ 34. Kg2 Bf5 35. Re3 Rd7 36. Re1 Rd2+ 37. Kf3 Rd3+ 38. Ke2 Rh3 39. Rg1 Rh4 40. Qf6 Rh2+ 41. Kd1 Bc2+ 42. Ke1 Bf5 43. Qg5+ Kg7 44. Rg2 Rh1+ 45. Kd2 Rh3 46. Qf4 Rd3+ 47. Ke2 Rd7 48. Qe5+ Kf7 49. Ke1 h5 50. Rd2 Rxd2 51. Kxd2 g5 52. Qh8 Bg6 53. Ke3 a6 54. Qe5 g4 55. Kf4 Bb1 56. Kg5 Bf5 57. Qc7+ Kf8 58. Kf6 Kg8 59. Qg7# 1-0


[Site "https://www.chess.com"]

[Event "Titled Tuesday Blitz October 31 Early 2023"]
[White "Saydaliev, Saidakbar"]
[Black "Tikhonov, Viacheslav"]
[WhiteFideId "14203693"]
[BlackFideId "44196407"]
[WhiteElo "2783"]
[BlackElo "2512"]
[Result "1-0"]
[Round "8"]
[TimeControl "180+1"]
[Date "2023.10.31"]
[WhiteClock "0:00:22"]
[BlackClock "0:00:00"]
[Board "29"]

1. d4 Nf6 2. c4 g6 3. Nf3 Bg7 4. g3 O-O 5. Bg2 c6 6. Nc3 d5 7. O-O dxc4 8. a4 a5 9. Ne5 Ng4 10. f4 Qb6 11. e3 Nxe5 12. fxe5 f6 13. exf6 exf6 14. Ne4 Na6 15. Nd6 Be6 16. Qe2 Qb4 17. Ne4 f5 18. Bd2 Qb3 19. Ng5 Bd5 20. Bc3 Rae8 21. e4 c5 22. e5 Bxg2 23. Qxg2 h6 24. Qd5+ Kh8 25. Nf7+ Kh7 26. Nd6 Rd8 27. dxc5 Nc7 28. Qd2 Ne6 29. Ra3 Nxc5 30. Rxb3 Nxb3 31. Qd5 Rd7 32. Qxc4 1-0


[Site "https://www.chess.com"]

[Event "Titled Tuesday Blitz October 31 Early 2023"]
[White "Baskakov, Egor"]
[Black "Prestia, Paris"]
[WhiteFideId "24197866"]
[BlackFideId "30925959"]
[WhiteElo "2913"]
[BlackElo "2626"]
[Result "1/2-1/2"]
[Round "8"]
[TimeControl "180+1"]
[Date "2023.10.31"]
[WhiteClock "0:01:13"]
[BlackClock "0:01:05"]
[Board "30"]

1. e4 c5 2. Nf3 d6 3. d4 cxd4 4. Nxd4 Nf6 5. Nc3 g6 6. g3 Bg7 7. Bg2 O-O 8. h3 Qc7 9. O-O Nc6 10. Nde2 Rb8 11. a4 a6 12. Nd5 Nxd5 13. exd5 Ne5 14. Ra2 b5 15. axb5 axb5 16. b3 Bb7 17. Nd4 b4 18. Be3 Ra8 19. Rxa8 Rxa8 20. Qd2 Qc3 21. Qxc3 bxc3 22. f4 Nd7 23. Nc6 Kf8 24. f5 Ra2 25. Rf2 gxf5 26. Bf1 Ne5 27. Bg2 Ra6 28. Nd4 Ra5 29. Nc6 Ra6 30. Nd4 Ra5 31. Nc6 Ra6 1/2-1/2


[Site "https://www.chess.com"]

[Event "Titled Tuesday Blitz October 31 Early 2023"]
[White "Bharath Subramaniyam H"]
[Black "Harikrishnan.A.Ra"]
[WhiteFideId "46634827"]
[BlackFideId "5081483"]
[WhiteElo "2895"]
[BlackElo "2689"]
[Result "1-0"]
[Round "8"]
[TimeControl "180+1"]
[Date "2023.10.31"]
[WhiteClock "0:01:08"]
[BlackClock "0:00:00"]
[Board "31"]

1. e4 c6 2. d4 d5 3. e5 Bf5 4. g4 Bd7 5. Nc3 e6 6. Be3 h5 7. gxh5 Nh6 8. Nf3 Nf5 9. Bg5 Qb6 10. Rb1 c5 11. Bd3 Nxd4 12. Nxd4 cxd4 13. Ne2 Nc6 14. f4 Nb4 15. Ng3 Nxd3+ 16. cxd3 Qa5+ 17. Kf2 Qxa2 18. Qe2 Qb3 19. Rbc1 Qb6 20. Rhg1 Bb4 21. h6 gxh6 22. Bf6 Rg8 23. Nh5 Rg6 24. f5 exf5 25. Nf4 Be6 26. Nxg6 fxg6 27. Rxg6 Bf7 28. Rg7 Bf8 29. e6 Qxe6 30. Qxe6+ Bxe6 31. Rxb7 Bd7 32. Re1+ Kf7 33. Bh4 1-0


[Site "https://www.chess.com"]

[Event "Titled Tuesday Blitz October 31 Early 2023"]
[White "Leiva, Gianmarco"]
[Black "Rustemov, Alexander"]
[WhiteFideId "3804399"]
[BlackFideId "4119002"]
[WhiteElo "2679"]
[BlackElo "2883"]
[Result "1-0"]
[Round "8"]
[TimeControl "180+1"]
[Date "2023.10.31"]
[WhiteClock "0:00:03"]
[BlackClock "0:00:00"]
[Board "32"]

1. d4 g6 2. e4 Bg7 3. c3 d6 4. Nf3 Nf6 5. Bd3 O-O 6. O-O Bg4 7. Nbd2 Nfd7 8. h3 Bxf3 9. Nxf3 c5 10. Be3 Nc6 11. Qd2 Qc7 12. a3 a6 13. Rac1 Rfc8 14. Rfe1 b5 15. Bb1 Rab8 16. b4 Nb6 17. dxc5 dxc5 18. Bxc5 Na4 19. Qe3 Ne5 20. Bd4 Nc4 21. Qg5 e5 22. Be3 h6 23. Qh4 Nxe3 24. Rxe3 Nb2 25. Ba2 Rd8 26. Bd5 Nc4 27. Rd3 Rdc8 28. Qg4 a5 29. Qxg6 Rb6 30. Qg4 a4 31. Nh4 Kh8 32. Rg3 Rg8 33. Rd1 Nxa3 34. Rdd3 Nc4 35. Rdf3 Nd6 36. Rf6 Qd8 37. Rxf7 Qg5 38. Ng6+ Kh7 39. Qd1 Qd8 40. Ra7 Re8 41. Nxe5 Re7 42. Nc6 Rxc6 43. Rxe7 Qxe7 44. Bxc6 Qe5 45. Bd5 Nc4 46. Bxc4 bxc4 47. Rf3 a3 48. Rf5 Qxc3 49. Ra5 Qb2 50. Qd5 a2 51. Qf5+ 1-0


[Site "https://www.chess.com"]

[Event "Titled Tuesday Blitz October 31 Early 2023"]
[White "Barrientos, Sergio E"]
[Black "Ivic, Velimir"]
[WhiteFideId "4401824"]
[BlackFideId "950122"]
[WhiteElo "2681"]
[BlackElo "2844"]
[Result "1-0"]
[Round "8"]
[TimeControl "180+1"]
[Date "2023.10.31"]
[WhiteClock "0:01:00"]
[BlackClock "0:01:53"]
[Board "33"]

1. d4 Nf6 2. Bg5 g6 3. Nd2 Bg7 4. Ngf3 O-O 5. e4 d5 6. exd5 Nxd5 7. Bc4 Nb6 8. c3 N8d7 9. Bb3 c5 10. O-O cxd4 11. cxd4 h6 12. Bh4 Nf6 13. h3 Nfd5 14. Re1 Bf5 15. Qe2 g5 16. Bg3 Rc8 17. Be5 e6 18. Nf1 Nf4 19. Qd2 Nd3 20. Re3 Nxe5 21. Nxe5 Nd5 22. Ree1 Nf4 23. Ng3 Bh7 24. Re3 Qd6 25. Rd1 Rfd8 26. Ne4 Bxe4 27. Rxe4 Bxe5 28. Rxe5 Qxd4 29. Qxd4 Ne2+ 30. Rxe2 1-0


[Site "https://www.chess.com"]

[Event "Titled Tuesday Blitz October 31 Early 2023"]
[White "Kleiman, Jake"]
[Black "Klukin, Kirill"]
[WhiteFideId "2020041"]
[BlackFideId "24199273"]
[WhiteElo "2679"]
[BlackElo "2844"]
[Result "1-0"]
[Round "8"]
[TimeControl "180+1"]
[Date "2023.10.31"]
[WhiteClock "0:00:11"]
[BlackClock "0:00:00"]
[Board "34"]

1. e4 c5 2. c3 g6 3. d4 cxd4 4. cxd4 d5 5. e5 Bg7 6. Nc3 a6 7. h3 Nc6 8. Be3 f6 9. f4 e6 10. Nf3 Nge7 11. Bd3 Bd7 12. O-O Kf8 13. Rc1 Rc8 14. a3 Nf5 15. Bf2 h5 16. Na4 Rc7 17. Nc5 Bc8 18. Qe2 Qe7 19. b4 Bh6 20. exf6 Qxf6 21. Ne5 Bxf4 22. Nxa6 Ncxd4 23. Bxd4 Nxd4 24. Nxg6+ Kg8 25. Qf2 Rxc1 26. Rxc1 Bh2+ 27. Kf1 Nf5 28. Rxc8+ Kg7 29. Bxf5 Rxc8 30. Nc5 exf5 31. Nf4 Bxf4 32. Qxf4 b6 33. Nd3 Rc4 34. Qe3 Qa1+ 35. Kf2 Rc2+ 36. Kg3 Qf6 37. Nf4 Qg5+ 38. Kh2 h4 39. Ne6+ Kf6 40. Nxg5 f4 41. Qxf4+ 1-0


[Site "https://www.chess.com"]